 Dungeon Crawl Stone Soup version 0.30-a0-782-ge64f9170bb (webtiles) character file.

Game seed: 17105541211098165037

312 Dirian the Chopper (level 6, 0/55 HPs)
             Began as a Minotaur Fighter on Mar 9, 2023.
             Was a Follower of Nemelex Xobeh.
             Succumbed to a scorpion's poison
             ... on level 4 of the Dungeon.
             The game lasted 00:05:36 (2309 turns).

Dirian the Chopper (Minotaur Fighter)               Turns: 2309, Time: 00:05:37

Health: 0/55       AC:  9    Str: 22    XL:     6   Next: 18%
Magic:  5/5        EV:  9    Int:  5    God:    Nemelex Xobeh [*.....]
Gold:   131        SH:  9    Dex: 10    Spells: 5/5 levels left

rFire   . . .      SeeInvis .    a - +0 war axe
rCold   . . .      Faith    .    c - +0 buckler
rNeg    . . .      Spirit   .    b - +0 scale mail
rPois   .          Reflect  +    (helmet restricted)
rElec   .          Harm     .    m - +0 cloak
rCorr   +          Rampage  .    j - +0 pair of gloves
Will    .....                    (no boots) Stlth
                                 g - amulet of reflection
HPRegen 0.29/turn                f - ring of resist corrosion
MPRegen 0.09/turn                (no ring)

@: lethally poisoned (0 -> -6), hasted, very quick
A: horns 2, retaliatory headbutt
a: Renounce Religion, Draw Escape, Draw Destruction, Draw Summoning


You were on level 4 of the Dungeon.
You worshipped Nemelex Xobeh.
Nemelex Xobeh was aware of your devotion.
You visited 1 branch of the dungeon, and saw 4 of its levels.

You collected 131 gold pieces.

Inventory:

Hand Weapons
 a - a +0 war axe (weapon)
 e - a +0 flail
Armour
 b - a +0 scale mail (worn)
 c - a +0 buckler (worn)
 j - a +0 pair of gloves (worn)
 m - a +0 cloak (worn)
 q - a +0 chain mail
Jewellery
 f - a ring of resist corrosion (left hand)
 g - an amulet of reflection (around neck)
Scrolls
 d - a scroll of silence
 h - a scroll of magic mapping
 i - a scroll of fog
 l - 2 scrolls of poison
 n - a scroll of vulnerability {unknown}
 o - a scroll of brand weapon {unknown}
 p - a scroll of enchant weapon
 t - 2 scrolls of teleportation


   Skills:
 + Level 4.8 Fighting
 + Level 5.4 Axes
 + Level 5.0 Armour
 + Level 4.8 Shields


You had 5 spell levels left.
You didn't know any spells.
Your spell library contained the following spells:

 Spells                   Type           Power      Damage    Failure   Level
 Freeze                   Ice            0%         1d3       86%         1
 Frozen Ramparts          Ice            0%         1d1       99%         3
 Hailstorm                Conj/Ice       0%         3d3       99%         3


Dungeon Overview and Level Annotations

Branches:
Dungeon (4/15) Zot: 21635
 Temple: D:4-7

Altars:
Fedhas
Gozag
Nemelex Xobeh
Zin

Shops:
D:1 (


Innate Abilities, Weirdness & Mutations

You have a pair of horns on your head.
You reflexively headbutt those who attack you in melee.


Message History

You are lethally poisoned!
The scorpion poisons you!
You are too injured to fight recklessly!
You are too injured to fight recklessly!
You are too injured to fight recklessly!
You are too injured to fight recklessly!
You are too injured to fight recklessly!
You are too injured to fight recklessly!
You are too injured to fight recklessly!
You are too injured to fight recklessly!
You are too injured to fight recklessly!
You feel extremely sick.
You draw a card...
You have drawn the Illusion.
Suddenly you stand beside yourself.
You feel very sick. The scorpion stings you.
* * * LOW HITPOINT WARNING * * *
You slash the scorpion! You headbutt the scorpion.
The scorpion is severely wounded.
* * * LOW HITPOINT WARNING * * *
You feel very sick. You block the scorpion's attack.
The scorpion barely misses you.
It was a potion of haste.
You feel yourself speed up.
* * * LOW HITPOINT WARNING * * *
You feel very sick.
The scorpion stings you but does no damage.
You slash the scorpion!
You kill the scorpion!
* * * LOW HITPOINT WARNING * * *
You feel very sick.
Your Armour skill increases to level 5!
You have reached level 6!
* * * LOW HITPOINT WARNING * * *
You feel sick.
* * * LOW HITPOINT WARNING * * *
You feel sick.
You aren't carrying any potions.
You draw a card...
You have drawn Velocity.
Nothing appears to happen.
You die...
Your body glows slightly and disappears.

#..# #..# # #.$ .
#.####.# # #
#.##.#....# .#...
.........##......
#....@.†........#
####.#...###.###...#
.......@.....###...#
.........##........#
####.#...###.###...#
#......#........#
##...............#
#................#
#.......<........#
####.......)........#
.........>..........#


You could see the friendly Dirian's illusion (summoned, very poisoned).

Vanquished Creatures
  A scorpion (D:4)
  An orc priest (D:3)
  2 orc wizards (D:3)
  3 gnolls (D:3)
  2 adders (D:2)
  A worm (D:3)
  A dart slug (D:3)
  9 orcs
  7 ball pythons
  8 endoplasms
  3 giant cockroaches
  4 goblins
  7 hobgoblins
  4 jackals (D:2)
  3 quokkas
  6 bats
  4 frilled lizards
  7 kobolds
  3 rats
76 creatures vanquished.

Vanquished Creatures (collateral kills)
  An orc priest (D:4)
  An orc (D:4)
  An endoplasm (D:4)
3 creatures vanquished.

Vanquished Creatures (others)
  A plant (D:3)
1 creature vanquished.

Grand Total: 80 creatures vanquished

Notes
Turn   | Place    | Note
-------+----------+-------------------------------------------
     0 | D:1      | Dirian the Minotaur Fighter began the quest for the Orb.
     0 | D:1      | Reached XP level 1. HP: 19/19 MP: 0/0
   238 | D:1      | Found Inu Burch's Weapon Emporium.
   258 | D:1      | Reached XP level 2. HP: 23/27 MP: 1/1
   960 | D:2      | Reached XP level 3. HP: 33/33 MP: 2/2
  1397 | D:2      | Reached XP level 4. HP: 40/40 MP: 3/3
  1528 | D:3      | Found a blossoming altar of Fedhas.
  1759 | D:3      | Reached XP level 5. HP: 26/47 MP: 4/4
  2051 | D:3      | Found a glowing silver altar of Zin.
  2051 | D:3      | Found an opulent altar of Gozag.
  2212 | D:3      | Reached skill level 5 in Axes
  2221 | D:3      | Found a faded altar of an unknown god.
  2226 | D:3      | Prayed at the altar of an unknown god.
  2226 | D:3      | Became a worshipper of Nemelex Xobeh the Trickster
  2226 | D:3      | Reached * piety under Nemelex Xobeh
  2248 | D:4      | Received a gift from Nemelex Xobeh
  2307 | D:4      | Reached skill level 5 in Armour
  2307 | D:4      | Reached XP level 6. HP: 3/55 MP: 5/5
  2307 | D:4      | HP: 2/55 [poisoned by a scorpion]
  2309 | D:4      | Succumbed to a scorpion's poison

Illustrated notes

Levels and vault maps discovered:
D:1:      sevenhm_arrival_forest_fort_large_1, layout_basic, serial_shops,
          nicolae_shop_behind_doors
D:2:      layout_basic
D:3:      layout_basic, mainiacjoe_overflow_concentric_impassable,
          grunt_temple_overflow_gold_and_silver, chequers_ecumenical_altar_lobes
D:4:      layout_rooms, mainiacjoe_overflow_small_starburst,
          cheibrodos_worm_habitat, hellmonk_ghost_happy_afterlife,
          mrwooster_statue_mirror, uniq_pikel

Skill      XL: |  1  2  3  4  5 |
---------------+----------------+-----
Fighting       | 4 |  4.8
Shields        | 4 |  4.8
Armour         | 4 5 |  5.0
Axes           | 3 4 5 |  5.4

Action                     |  1- 3 |  4- 6 || total
---------------------------+-------+-------++-------
  Melee: War axe           |    78 |    71 ||   149
         Headbutt          |    11 |     6 ||    17
 Invoke: Draw Summoning    |       |     3 ||     3
         Draw Escape       |       |     1 ||     1
    Use: Scroll            |     7 |     1 ||     8
         Potion            |     3 |     4 ||     7
 Armour: Scale mail        |    40 |    34 ||    74
  Dodge: Dodged            |    37 |    27 ||    64
  Block: Buckler           |    25 |    31 ||    56
         Reflection        |       |     3 ||     3

Table legend: (Time is in decaauts)
 A = Elapsed time spent in this place.
 B = Non-inter-level travel time spent in this place.
 C = Inter-level travel time spent in this place.
 D = Time resting spent in this place.
 E = Time spent auto-exploring this place.
 F = Levels seen in this place.
 G = Mean time per level.
                   A        B        C        D        E       F      G
               +--------+--------+--------+--------+--------+-----+--------+
         Total |   2364 |   2302 |     62 |      0 |   1819 |   4 |  591.0 |
       Dungeon |   2364 |   2302 |     62 |      0 |   1819 |   4 |  591.0 |
               +--------+--------+--------+--------+--------+-----+--------+

Top non-repeatable levels by time:
     D:1: 969 daAuts
     D:3: 785 daAuts
     D:2: 545 daAuts
     D:4: 63 daAuts
